 Dungeon Crawl Stone Soup version 0.30-a0-585-g93115170b9 (webtiles) character file.

Game seed: 3354551251705047852

917 sammy202020 the Chopper (level 7, 0/96 HPs)
             Began as a Minotaur Berserker on Jan 2, 2023.
             Was a Priest of Trog.
             Slain by a gargoyle
             ... wielding a +0 morningstar
              (13 damage)
             ... on level 6 of the Dungeon.
             The game lasted 00:05:32 (4748 turns).

sammy202020 the Chopper (Minotaur Berserker)        Turns: 4748, Time: 00:05:33

Health: 0/96       AC: 11    Str: 21    XL:     7   Next: 83%
Magic:  6/6        EV:  9    Int:  6    God:    Trog [***...]
Gold:   342        SH:  0    Dex: 10    Spells: 6/6 levels left

rFire   . . .      SeeInvis .    a - +0 hand axe
rCold   . . .      Faith    .    (no shield)
rNeg    . . .      Spirit   .    n - +0 chain mail
rPois   .          Reflect  .    (helmet restricted)
rElec   .          Harm     .    j - +0 cloak
rCorr   .          Rampage  .    (no gloves)
Will    ++...                    (no boots) Stlth
                                 (no amulet)
HPRegen 1.36/turn                k - ring of flight
MPRegen 0.10/turn                (no ring)

@: berserking, strong-willed (expiring), flying, regenerating (expiring), very
quick
A: horns 2, retaliatory headbutt
a: Renounce Religion, Berserk, Trog's Hand


You were on level 6 of the Dungeon.
You worshipped Trog.
Trog was most pleased with you.
You visited 1 branch of the dungeon, and saw 6 of its levels.

You collected 342 gold pieces.

Inventory:

Hand Weapons
 a - a +0 hand axe (weapon)
 g - a +0 mace
Armour
 d - a +0 ring mail of fire resistance
 j - a +0 cloak (worn)
 n - a +0 chain mail (worn)
Jewellery
 k - a ring of flight (left hand)
Scrolls
 e - a scroll of poison
 i - 5 scrolls of teleportation
 p - a scroll of fear
 q - a scroll of noise
Potions
 b - 3 potions of curing
 c - 3 potions of heal wounds
 f - a potion of flight
 h - 4 potions of brilliance
 l - 3 potions of haste
 o - a potion of mutation {unknown}
 r - a potion of might
 s - a potion of degeneration {unknown}
 u - a potion of invisibility {unknown}
 v - a potion of attraction {unknown}


   Skills:
 + Level 6.4 Fighting
 + Level 6.4 Axes
 + Level 5.9 Armour
 + Level 5.2 Dodging


You had 6 spell levels left.
You didn't know any spells.
Your spell library was empty.

Dungeon Overview and Level Annotations

Branches:
Dungeon (6/15)
 Temple: D:4-7

Altars:
Ashenzari
Fedhas
Hepliaklqana
Sif Muna
Xom
Yredelemnul


Innate Abilities, Weirdness & Mutations

You have a pair of horns on your head.
You reflexively headbutt those who attack you in melee.


Message History

You hit the shadow but do no damage. The shadow hits you.
You hit the shadow but do no damage. The shadow barely misses you.
You barely miss the shadow. Your headbutt misses the shadow.
The shadow hits you.
You hit the shadow. You headbutt the shadow!
The shadow is severely damaged.
The shadow hits you.
You hit the shadow. Your headbutt misses the shadow.
The shadow is severely damaged.
The shadow hits you!
You closely miss the shadow.
The shadow is severely damaged.
The shadow slips into darkness.
The shadow flickers and vanishes!
Deactivating autopickup; reactivate with Ctrl-A.
You closely miss something. You headbutt something.
The gargoyle hurls a stone arrow at you.
The stone arrow hits something!
Reactivating autopickup.
You feel a bit more experienced.
Your skin crawls.
You feel strong-willed.
A red film seems to cover your vision as you go berserk!
You feel yourself moving faster!
You feel mighty!
The gargoyle hits you with a +0 morningstar.
You hit the gargoyle but do no damage.
You headbutt the gargoyle, but do no damage.
The gargoyle hits you with a +0 morningstar!
* * * LOW HITPOINT WARNING * * *
You hit the gargoyle but do no damage.
You headbutt the gargoyle, but do no damage.
The gargoyle hits you with a +0 morningstar!
* * * LOW HITPOINT WARNING * * *
You hit the gargoyle.
The gargoyle is lightly damaged.
You feel the effects of Trog's Hand fading.
You hit the gargoyle.
The gargoyle is lightly damaged.
The gargoyle hits you with a +0 morningstar!
You die...

###.#.#.###..
#.##.##.###
###.###..
#...##. ....#
... #9# #@#
#.# #.##
#..###########
##...........#
######......#
#......#
#......#####
#...........


You could see a gargoyle.

Vanquished Creatures
  A water moccasin (D:5)
  An ogre (D:4)
  A phantom (D:5)
  A bullfrog (D:4)
  A howler monkey (D:5)
  3 hounds
  An orc priest (D:5)
  2 iguanas
  3 orc wizards (D:4)
  7 adders
  3 gnolls (D:6)
  2 worms
  A dart slug (D:4)
  12 orcs
  8 ball pythons
  9 bats
  2 endoplasms
  2 giant cockroaches
  5 goblins
  7 hobgoblins
  2 jackals (D:1)
  10 kobolds
  2 quokkas
  6 frilled lizards
  3 rats
95 creatures vanquished.

Vanquished Creatures (others)
  A shadow (D:6)
1 creature vanquished.

Grand Total: 96 creatures vanquished

Notes
Turn   | Place    | Note
-------+----------+-------------------------------------------
     0 | D:1      | sammy202020 the Minotaur Berserker began the quest for the
                  | Orb.
     0 | D:1      | Reached XP level 1. HP: 19/19 MP: 0/0
    74 | D:1      | Reached XP level 2. HP: 27/27 MP: 1/1
   441 | D:1      | Reached ** piety under Trog
   504 | D:1      | Reached XP level 3. HP: 30/33 MP: 2/2
   552 | D:1      | Found a faded altar of an unknown god.
  1252 | D:2      | Reached XP level 4. HP: 30/41 MP: 3/3
  1764 | D:3      | Found a blossoming altar of Fedhas.
  1764 | D:3      | Found a shimmering blue altar of Sif Muna.
  2276 | D:4      | Noticed a bullfrog
  2282 | D:4      | Killed a bullfrog
  2283 | D:4      | Reached XP level 5. HP: 36/47 MP: 4/4
  2667 | D:4      | Noticed an ogre
  2673 | D:4      | Killed an ogre
  2674 | D:4      | Reached skill level 5 in Fighting
  2674 | D:4      | Reached skill level 5 in Axes
  2674 | D:4      | Reached XP level 6. HP: 22/56 MP: 5/5
  2785 | D:4      | Reached *** piety under Trog
  3977 | D:5      | Entered Level 5 of the Dungeon
  3977 | D:5      | Noticed a water moccasin
  3992 | D:5      | Killed a water moccasin
  3993 | D:5      | Reached skill level 5 in Armour
  3993 | D:5      | Reached XP level 7. HP: 33/62 MP: 6/6
  4131 | D:5      | Reached skill level 5 in Dodging
  4157 | D:5      | Found a broken altar of Ashenzari.
  4517 | D:5      | Found a basalt altar of Yredelemnul.
  4517 | D:5      | Found a faded altar of an unknown god.
  4524 | D:5      | Found a faded altar of an unknown god.
  4526 | D:5      | Found a hazy altar of Hepliaklqana.
  4528 | D:5      | Found a shimmering altar of Xom.
  4728 | D:6      | Noticed a shadow
  4734 | D:6      | Noticed a gargoyle
  4742 | D:6      | Killed a shadow
  4748 | D:6      | Slain by a gargoyle

Illustrated notes

Levels and vault maps discovered:
D:1:      tarquinn_simple_flora_water_e, layout_loops_ring,
          basic_ecumenical_altar
D:2:      layout_loops_cross
D:3:      layout_loops_cross, gammafunk_temple_overflow_wave
D:4:      layout_gridville
D:5:      layout_cave_pools, chequers_temple_overflow_minitemple,
          ashenzari_conservatory_becter
D:6:      layout_gridville, fountainhead, minivault_24, hex_tiny, kb_rosetta

Skill      XL: |  1  2  3  4  5  6  7 |
---------------+----------------------+-----
Axes           | 4 5 6 |  6.4
Fighting       | 4 5 6 |  6.4
Armour         | 3 4 5 |  5.9
Dodging        | 3 4 5 |  5.2

Action                   |  1- 3 |  4- 6 |  7- 9 || total
-------------------------+-------+-------+-------++-------
Melee: Hand axe          |    78 |   103 |    65 ||   246
       Headbutt          |     9 |    20 |    14 ||    43
       Punch             |     1 |       |     1 ||     2
Invok: Berserk           |       |     2 |     2 ||     4
       Trog's Hand       |       |     1 |     2 ||     3
  Use: Scroll            |       |    11 |     3 ||    14
Armor: Animal skin       |     5 |       |       ||     5
       Leather armour    |    14 |     8 |       ||    22
       Scale mail        |       |    17 |       ||    17
       Chain mail        |       |    40 |    35 ||    75
Dodge: Dodged            |    57 |    56 |    21 ||   134

Table legend: (Time is in decaauts)
 A = Elapsed time spent in this place.
 B = Non-inter-level travel time spent in this place.
 C = Inter-level travel time spent in this place.
 D = Time resting spent in this place.
 E = Time spent auto-exploring this place.
 F = Levels seen in this place.
 G = Mean time per level.
                   A        B        C        D        E       F      G
               +--------+--------+--------+--------+--------+-----+--------+
         Total |   4786 |   4770 |     16 |    705 |   3137 |   6 |  797.7 |
       Dungeon |   4786 |   4770 |     16 |    705 |   3137 |   6 |  797.7 |
               +--------+--------+--------+--------+--------+-----+--------+

Top non-repeatable levels by time:
     D:4: 1724 daAuts
     D:2: 843 daAuts
     D:3: 767 daAuts
     D:5: 739 daAuts
     D:1: 671 daAuts
     D:6: 40 daAuts
